| TOP OF THE 1ST |
|
Bowie Baysox batting - Pitching for Midland RockHounds : RHP Mike Staus
|
|
Pitching: RHP Mike Staus
|
|
|
Batting: RHB Joe Young
|
0-0: Ball 1-0: Called Strike 1-1: Called Strike 1-2: Ball 2-2: Ball 3-2: Foul Ball, location: 2F 3-2: Strikes out swinging
|
|
Batting: RHB Daniel Jackson
|
0-0: Foul Ball, location: 2F 0-1: Foul Ball, location: 2F 0-2: Fly out, F8 (Line Drive, 8LD, EV 86.2 MPH)
|
|
Batting: RHB Luke Vaccarino
|
0-0: Ball 1-0: Ground out U3 (Groundball, 23, EV 92.5 MPH)
|
| Top of the 1st over - 0 runs, 0 hits, 0 errors, 0 left on base; Bowie 0 - Midland 0 |
| BOTTOM OF THE 1ST |
|
Midland RockHounds batting - Pitching for Bowie Baysox : RHP Nick Hoag
|
|
Pitching: RHP Nick Hoag
|
|
|
Batting: RHB Micah Roth
|
0-0: Fly out, F9 (Flyball, 89S, EV 89.4 MPH)
|
|
Batting: RHB Chris Prinzing
|
0-0: Ball 1-0: Ball 2-0: Ground out 5-3 (Groundball, 56S, EV 92.5 MPH)
|
|
Batting: RHB Sean Gould
|
0-0: Ball 1-0: Called Strike 1-1: Foul Ball, location: 2F 1-2: Foul Ball, location: 2F 1-2: Ball 2-2: Strikes out swinging
|
| Bottom of the 1st over - 0 runs, 0 hits, 0 errors, 0 left on base; Bowie 0 - Midland 0 |
| TOP OF THE 2ND |
|
Bowie Baysox batting - Pitching for Midland RockHounds : RHP Mike Staus
|
|
Batting: RHB Jonathan Mendoza
|
0-0: Called Strike 0-1: Ball 1-1: Foul Ball, location: 2F 1-2: Ground out 6-3 (Groundball, 6, EV 98.1 MPH)
|
|
Batting: RHB Wes Reynolds
|
0-0: Ball 1-0: Called Strike 1-1: Ball 2-1: Foul Ball, location: 2F 2-2: Ball 3-2: Foul Ball, location: 2F 3-2: Base on Balls
|
|
Batting: RHB Alfredo Reguera
|
0-0: Ball Wes Reynolds is caught stealing 2nd base 2-4 1-0: Ball 2-0: Ball 3-0: Base on Balls
|
|
Batting: RHB Josh Hopp
|
0-0: Called Strike 0-1: Fly out, F8 (Flyball, 8RD, EV 95.0 MPH)
|
| Top of the 2nd over - 0 runs, 0 hits, 0 errors, 1 left on base; Bowie 0 - Midland 0 |
| BOTTOM OF THE 2ND |
|
Midland RockHounds batting - Pitching for Bowie Baysox : RHP Nick Hoag
|
|
Batting: LHB Tom Raupp
|
0-0: Ball 1-0: Ball 2-0: Ball 3-0: Base on Balls
|
|
Batting: LHB Chance Stever
|
0-0: Ball 1-0: Ball 2-0: Fly out, F8 (Flyball, 89M, EV 92.5 MPH)
|
|
Batting: RHB Don Burt
|
0-0: Called Strike 0-1: Called Strike 0-2: Ball 1-2: Foul Ball, location: 2F 1-2: Fly out, F9 (Flyball, 9D, EV 96.9 MPH)
|
|
Batting: LHB Alan Bianchard
|
0-0: Ball Wild Pitch! Tom Raupp to second 1-0: Foul Ball, location: 2F 1-1: Swinging Strike 1-2: Strikes out looking
|
| Bottom of the 2nd over - 0 runs, 0 hits, 0 errors, 1 left on base; Bowie 0 - Midland 0 |
| TOP OF THE 3RD |
|
Bowie Baysox batting - Pitching for Midland RockHounds : RHP Mike Staus
|
|
Batting: RHB Wil Ochoa
|
0-0: Ball 1-0: Ball 2-0: Ball 3-0: Called Strike 3-1: Ground out 4-3 (Groundball, 4, EV 86.2 MPH)
|
|
Batting: SHB Chris Wright
|
0-0: Ball 1-0: Ground out 6-3 (Groundball, 6, EV 101.2 MPH)
|
|
Batting: RHB Joe Young
|
0-0: Called Strike 0-1: Fly out, F8 (Line Drive, 8RD, EV 88.8 MPH)
|
| Top of the 3rd over - 0 runs, 0 hits, 0 errors, 0 left on base; Bowie 0 - Midland 0 |
| BOTTOM OF THE 3RD |
|
Midland RockHounds batting - Pitching for Bowie Baysox : RHP Nick Hoag
|
|
Batting: LHB Robert Wilkins
|
0-0: Ground out 4-3 (Groundball, 4, EV 88.1 MPH)
|
|
Batting: RHB Larry Clark
|
0-0: Called Strike 0-1: SINGLE (Groundball, 13, EV 68.1 MPH) (infield hit)
|
|
Batting: RHB Micah Roth
|
0-0: Fly out, F7 (Line Drive, 7, EV 90.0 MPH)
|
|
Batting: RHB Chris Prinzing
|
0-0: Called Strike 0-1: Ball 1-1: Called Strike 1-2: Ball Larry Clark is caught stealing 2nd base 2-4
|
| Bottom of the 3rd over - 0 runs, 1 hit, 0 errors, 0 left on base; Bowie 0 - Midland 0 |
| TOP OF THE 4TH |
|
Bowie Baysox batting - Pitching for Midland RockHounds : RHP Mike Staus
|
|
Batting: RHB Daniel Jackson
|
0-0: Called Strike 0-1: Foul Ball, location: 2F 0-2: Strikes out looking
|
|
Batting: RHB Luke Vaccarino
|
0-0: Ground out 4-3 (Groundball, 34, EV 82.5 MPH)
|
|
Batting: RHB Jonathan Mendoza
|
0-0: Ball 1-0: Swinging Strike 1-1: Ball 2-1: SINGLE (Line Drive, 7S, EV 105.6 MPH)
|
|
Batting: RHB Wes Reynolds
|
0-0: Ball 1-0: Ball 2-0: SINGLE (Line Drive, 6M, EV 106.9 MPH) Jonathan Mendoza to second
|
|
Batting: RHB Alfredo Reguera
|
0-0: Ball 1-0: Called Strike 1-1: Swinging Strike 1-2: Strikes out looking
|
| Top of the 4th over - 0 runs, 2 hits, 0 errors, 2 left on base; Bowie 0 - Midland 0 |
| BOTTOM OF THE 4TH |
|
Midland RockHounds batting - Pitching for Bowie Baysox : RHP Nick Hoag
|
|
Batting: RHB Chris Prinzing
|
0-0: SINGLE (Line Drive, 4M, EV 104.4 MPH)
|
|
Batting: RHB Sean Gould
|
0-0: Ball 1-0: Ball 2-0: Ball 3-0: Base on Balls Chris Prinzing to second
|
|
Batting: LHB Tom Raupp
|
0-0: 3-RUN HOME RUN (Flyball, 78XD, EV 107.5 MPH), Distance : 403 ft
|
|
Batting: LHB Chance Stever
|
0-0: Foul Ball, location: 2F 0-1: Called Strike 0-2: Ground out 4-3 (Groundball, 34, EV 83.8 MPH)
|
|
Batting: RHB Don Burt
|
0-0: Ball 1-0: Foul Ball, location: 2F 1-1: Ball 2-1: Ball 3-1: Foul Ball, location: 2F 3-2: Base on Balls
|
|
Batting: LHB Alan Bianchard
|
0-0: Called Strike 0-1: Ball 1-1: Ball 2-1: Ball 3-1: Foul Ball, location: 2F 3-2: Foul Ball, location: 2F 3-2: Fly out, F8 (Flyball, 8RXD, EV 98.1 MPH)
|
|
Batting: LHB Robert Wilkins
|
0-0: Called Strike 0-1: Foul Ball, location: 2F 0-2: Ball 1-2: Foul Ball, location: 2F 1-2: Ball 2-2: Ball 3-2: Strikes out swinging
|
| Bottom of the 4th over - 3 runs, 2 hits, 0 errors, 1 left on base; Bowie 0 - Midland 3 |
| TOP OF THE 5TH |
|
Bowie Baysox batting - Pitching for Midland RockHounds : RHP Mike Staus
|
|
Batting: RHB Josh Hopp
|
0-0: Ball 1-0: Ball 2-0: Called Strike 2-1: Foul Ball, location: 2F 2-2: Foul Ball, location: 2F 2-2: Foul Ball, location: 2F 2-2: Foul Ball, location: 2F 2-2: Strikes out swinging
|
|
Batting: RHB Wil Ochoa
|
0-0: Ball 1-0: Ball 2-0: Called Strike 2-1: Foul Ball, location: 2F 2-2: Strikes out swinging
|
|
Batting: SHB Chris Wright
|
0-0: Ball 1-0: Foul Ball, location: 2F 1-1: Ball 2-1: Ground out 3-1 (Groundball, 34, EV 93.8 MPH)
|
| Top of the 5th over - 0 runs, 0 hits, 0 errors, 0 left on base; Bowie 0 - Midland 3 |
| BOTTOM OF THE 5TH |
|
Midland RockHounds batting - Pitching for Bowie Baysox : RHP Nick Hoag
|
|
Batting: RHB Larry Clark
|
0-0: Foul Ball, location: 2F 0-1: Called Strike 0-2: Strikes out looking
|
|
Batting: RHB Micah Roth
|
0-0: Called Strike 0-1: Foul Ball, location: 2F 0-2: Foul Ball, location: 2F 0-2: SINGLE (Groundball, 56D, EV 96.9 MPH)
|
|
Batting: RHB Chris Prinzing
|
0-0: Ball 1-0: Called Strike 1-1: SINGLE (Line Drive, 89S, EV 106.2 MPH) Micah Roth to second
|
|
Batting: RHB Sean Gould
|
0-0: Ball 1-0: Called Strike 1-1: DOUBLE (Line Drive, 5D, EV 104.4 MPH) Micah Roth scores Chris Prinzing to third Runner from 3rd tries for Home, SAFE, throw by LF to trailing runner, OUT at third! 7-3-5
|
|
Pitching: RHP Casey Tietjen
|
|
|
Batting: LHB Tom Raupp
|
0-0: Foul Ball, location: 2F 0-1: Ground out 4-3 (Groundball, 4, EV 88.8 MPH)
|
| Bottom of the 5th over - 2 runs, 3 hits, 0 errors, 0 left on base; Bowie 0 - Midland 5 |
| TOP OF THE 6TH |
|
Bowie Baysox batting - Pitching for Midland RockHounds : RHP Mike Staus
|
|
Batting: RHB Joe Young
|
0-0: Ball 1-0: Ball 2-0: Swinging Strike 2-1: Ball 3-1: Foul Ball, location: 2F 3-2: Base on Balls
|
|
Batting: RHB Daniel Jackson
|
0-0: Ball 1-0: Called Strike 1-1: Ball 2-1: Grounds into double play, 4-6-3 (Groundball, 4M, EV 107.5 MPH)
|
|
Batting: RHB Luke Vaccarino
|
0-0: Fly out, F8 (Flyball, 8RS, EV 86.2 MPH)
|
| Top of the 6th over - 0 runs, 0 hits, 0 errors, 0 left on base; Bowie 0 - Midland 5 |
| BOTTOM OF THE 6TH |
|
Midland RockHounds batting - Pitching for Bowie Baysox : RHP Casey Tietjen
|
|
Batting: LHB Chance Stever
|
0-0: Ball 1-0: Ball 2-0: Fly out, F7 (Flyball, 8LM, EV 91.2 MPH)
|
|
Batting: RHB Don Burt
|
0-0: Called Strike 0-1: Ball 1-1: Foul Ball, location: 2F 1-2: Foul Ball, location: 2F 1-2: SINGLE (Flyball, 8RS, EV 93.8 MPH)
|
|
Batting: LHB Alan Bianchard
|
0-0: Called Strike Don Burt steals 2nd base 0-1: Ball 1-1: Called Strike 1-2: Foul Ball, location: 2F 1-2: Strikes out swinging
|
|
Batting: LHB Robert Wilkins
|
0-0: Fly out, F9 (Flyball, 89XD, EV 84.4 MPH)
|
| Bottom of the 6th over - 0 runs, 1 hit, 0 errors, 1 left on base; Bowie 0 - Midland 5 |
| TOP OF THE 7TH |
|
Bowie Baysox batting - Pitching for Midland RockHounds : RHP Mike Staus
|
|
Batting: RHB Jonathan Mendoza
|
0-0: Ball 1-0: Called Strike 1-1: Swinging Strike 1-2: Strikes out swinging
|
|
Batting: RHB Wes Reynolds
|
0-0: Foul Ball, location: 2F 0-1: Ball 1-1: SINGLE (Line Drive, 56D, EV 105.6 MPH)
|
|
Batting: RHB Alfredo Reguera
|
0-0: Ball 1-0: Ball 2-0: Called Strike 2-1: Grounds out, U3 (Groundball, 3L, EV 80.6 MPH)
|
|
Batting: RHB Josh Hopp
|
0-0: Called Strike 0-1: Ball 1-1: Ground out 6-3 (Groundball, 6, EV 90.0 MPH)
|
| Top of the 7th over - 0 runs, 1 hit, 0 errors, 1 left on base; Bowie 0 - Midland 5 |
| BOTTOM OF THE 7TH |
|
Midland RockHounds batting - Pitching for Bowie Baysox : RHP Casey Tietjen
|
|
Batting: RHB Larry Clark
|
0-0: Ball 1-0: Swinging Strike 1-1: Ball 2-1: Foul Ball, location: 2F 2-2: Ball 3-2: Foul Ball, location: 2F 3-2: Base on Balls
|
|
Batting: RHB Micah Roth
|
0-0: SINGLE (Line Drive, 6D, EV 101.2 MPH) Larry Clark to second
|
|
Batting: RHB Chris Prinzing
|
0-0: Swinging Strike 0-1: Called Strike 0-2: Foul Ball, location: 2F 0-2: Ball 1-2: Foul Ball, location: 2F 1-2: Fly out, F8 (Flyball, 89M, EV 92.5 MPH)
|
|
Batting: RHB Sean Gould
|
0-0: Ball 1-0: Ball 2-0: Fly out, F9 (Flyball, 9LM, EV 95.0 MPH)
|
|
Batting: LHB Tom Raupp
|
0-0: Foul Ball, location: 2F 0-1: Foul Ball, location: 2F 0-2: Strikes out looking
|
| Bottom of the 7th over - 0 runs, 1 hit, 0 errors, 2 left on base; Bowie 0 - Midland 5 |
| TOP OF THE 8TH |
|
Bowie Baysox batting - Pitching for Midland RockHounds : RHP Mike Staus
|
|
Pitching: LHP John Salzmann
|
|
|
Batting: RHB Wil Ochoa
|
0-0: Called Strike 0-1: DOUBLE (Groundball, 5L, EV 108.8 MPH)
|
|
Batting: SHB Chris Wright
|
0-0: Called Strike 0-1: Foul Ball, location: 2F 0-2: Strikes out swinging
|
|
Batting: RHB Joe Young
|
0-0: Called Strike 0-1: Foul Ball, location: 2F 0-2: Ground out 6-3 (Groundball, 6M, EV 85.6 MPH) Wil Ochoa to third
|
|
Batting: RHB Daniel Jackson
|
0-0: Called Strike 0-1: Ball 1-1: Ball 2-1: 2-RUN HOME RUN (Flyball, 89XD, EV 96.9 MPH), Distance : 390 ft
|
|
Batting: RHB Luke Vaccarino
|
0-0: Ball 1-0: Foul Ball, location: 2F 1-1: Foul Ball, location: 2F 1-2: Strikes out swinging
|
| Top of the 8th over - 2 runs, 2 hits, 0 errors, 0 left on base; Bowie 2 - Midland 5 |
| BOTTOM OF THE 8TH |
|
Midland RockHounds batting - Pitching for Bowie Baysox : RHP Casey Tietjen
|
|
Pitching: RHP Angel Gonzales
|
|
|
Batting: LHB Chance Stever
|
0-0: Swinging Strike 0-1: Ground out 5-3 (Groundball, 56, EV 106.2 MPH)
|
|
Batting: RHB Don Burt
|
0-0: Called Strike 0-1: Foul Ball, location: 2F 0-2: Ball 1-2: SINGLE (Groundball, 34D, EV 96.9 MPH)
|
|
Batting: LHB Alan Bianchard
|
Pickoff Throw to First - Out! 1-3 CS 0-0: Ball 1-0: Foul Ball, location: 2F 1-1: Fly out, F4 (Line Drive, 4, EV 67.5 MPH)
|
| Bottom of the 8th over - 0 runs, 1 hit, 0 errors, 0 left on base; Bowie 2 - Midland 5 |
| TOP OF THE 9TH |
|
Bowie Baysox batting - Pitching for Midland RockHounds : LHP John Salzmann
|
|
Pitching: RHP John Shutt
|
|
|
Now at 1B: Nick Pacheco
|
|
|
Batting: RHB Jonathan Mendoza
|
0-0: Fly out, F7 (Flyball, 7, EV 84.4 MPH)
|
|
Batting: RHB Wes Reynolds
|
0-0: Ball 1-0: Ball 2-0: Ball 3-0: Base on Balls
|
|
Batting: RHB Alfredo Reguera
|
0-0: Ball 1-0: Called Strike 1-1: Ball 2-1: Swinging Strike 2-2: Ball 3-2: Foul Ball, location: 2F 3-2: Foul Ball, location: 2F 3-2: Strikes out looking
|
|
Batting: RHB Josh Hopp
|
0-0: Ball 1-0: DOUBLE (Line Drive, 89D, EV 109.4 MPH) Wes Reynolds to third
|
|
Batting: RHB Wil Ochoa
|
0-0: Called Strike 0-1: Called Strike 0-2: Ball 1-2: Foul Ball, location: 2F 1-2: Ground out 5-3 (Groundball, 56S, EV 87.5 MPH)
|
| Top of the 9th over - 0 runs, 1 hit, 0 errors, 2 left on base; Bowie 2 - Midland 5 |
|